Unix xNetHack Version 8.0.0 - last build Jan 14 2024 16:46:22 (be4d3c81716514284228e1a23197c27ddb32b841). Game began 2024-03-18 19:31:07, ended 2024-03-18 19:52:54. Dictyostelium, lawful female dwarven Valkyrie ---- ---- * *#***## ------- |..---- |..-- -#-########[# --.--..| |....|..--..<| |..##`###*`## |......| --`..........---..####* # #` --....-- ---................|#*# |...-| |................|### |....| -- |....^...........| # $ --..-| |.-----...........--...--#* G --..-- |..................|....### --...----|-..----......|..........## ... ---.....|.%.--......-----##-----.### ... -----..-..........| **--## |.--#-- --.%-- --........--.-- -###|..#*#.....| ....q| --- ---------.......|-----.#.-#..#*#----.| ----h-- --.---..--..--......-- |........#* #---.- |..| |...|...............--- --......-# ###....| |-.--- |-....................-----......| #*#--...| -....| ------#(..................(...........-- # --.-- |.....---------..^...---........|..------.----------- --- ........[..^...---`.| ---.--.------ --- --------------- --- ------ Dictyostelium the Skirmisher St:15 Dx:12 Co:18 In:8 Wi:10 Ch:7 Lawful S:626 Dlvl:6 $:52 HP:0(45) Pw:5(5) AC:6 Xp:4/81 T:1749 Latest messages: You crawl to the edge of the pit. A bear trap closes on your foot! You are caught in a bear trap. You are caught in a bear trap. You are caught in a bear trap. You are caught in a bear trap. You are caught in a bear trap. You are caught in a bear trap. You are caught in a bear trap. Your leg feels better. You are caught in a bear trap. You are caught in a bear trap. You are caught in a bear trap. You are caught in a bear trap. You are caught in a bear trap. You are caught in a bear trap. You are caught in a bear trap. You are caught in a bear trap. You are caught in a bear trap. You are caught in a bear trap. You are caught in a bear trap. You finally wriggle free. What do you want to drop? [$a-fj-lo-qs-zA-NP or ?*] * You drop a dwarvish roundshield {100}. Your movements are now unencumbered. You see here 2 green gems. You see here 2 green gems. A - 2 green gems {2} (4 in total). The jackal bites! The jackal misses! You begin bashing monsters with your bare hands. You miss the jackal. The jackal just misses! You miss the jackal. The jackal bites! You kill the jackal! You punch the rothe. The rothe hits! The rothe bites! The rothe bites again! You miss the rothe. The rothe hits! The rothe bites! The rothe bites again! You die... Do you want your possessions identified? [ynq] (y) y Do you want to see your attributes? [ynq] (y) y Do you want an account of creatures vanquished? [ynaq] (y) y Do you want to see your conduct and achievements? [ynq] (y) y Do you want to see the dungeon overview? [ynq] (y) y Inventory: Inventory: 833/875 weight (34/52 slots) Coins $ - 52 gold pieces {1} Weapons v - 9 +0 arrows {9} u - a +0 bow {30} F - a blessed +0 dart {1} b - a +0 dagger {10} a - a +1 dwarvish spear {35} k - 3 +0 orcish daggers {30} J - a +0 axe (alternate weapon; not wielded) {60} I - a +0 dwarvish short sword {30} Armor C - an uncursed +0 dwarvish helm {40} M - an uncursed +0 dwarvish helm {40} p - a cursed -2 orcish helm {30} H - an uncursed +0 pair of dwarvish boots {50} c - an uncursed +3 small shield (being worn) {23} G - an uncursed +0 dwarvish cloak {10} P - a cursed -1 dwarvish cloak {10} z - a cursed -2 elven cloak named elven cloak {10} N - an uncursed +0 leather studded armor {200} Comestibles d - an uncursed food ration {20} s - an uncursed tin of spinach {10} w - an uncursed egg {1} Scrolls j - an uncursed scroll of blank paper {5} o - an uncursed scroll of light {5} Potions t - an uncursed potion of blindness {20} K - an uncursed potion of gain ability {20} f - a blessed potion of restore ability {20} l - an uncursed potion of sleeping {20} Tools q - a bag of tricks (0:5) {15} B - an uncursed bell {30} E - an uncursed credit card {1} e - an uncursed oil lamp (lit) {20} Gems/Stones y - 2 uncursed jade stones {2} A - 4 uncursed worthless pieces of green glass {4} D - an uncursed worthless piece of red glass {1} x - 2 uncursed touchstones {20} Dictyostelium the Valkyrie's attributes: Background: You were a Skirmisher, a level 4 dwarven Valkyrie. You were lawful, on a mission for Tyr who was opposed by Odin (neutral) and Loki (chaotic). You were heterosexual. You were in the Gnomish Mines, on level 6. You entered the dungeon 1749 turns ago. You had 81 experience points, 79 more were needed to attain level 5. Your score was 626 before end-of-game adjustments. Basics: You had 0 out of 45 hit points. You had all 5 energy points (spell power). Your armor class was 6. Your wallet contained 52 zorkmids. Autopickup was on for '$")[%?+!=/(0' plus thrown. Final Characteristics: Your strength was 15 (peak:18/01, limit:18/100). Your dexterity was 12 (peak:13, limit:20). Your constitution was 18 (limit:20). Your intelligence was 8 (limit:16). Your wisdom was 10 (limit:16). Your charisma was 7 (limit:16). Final Status: You were not hungry. You were unencumbered. You were bare handed. You were unskilled in bare handed combat. Final Attributes: You had sinned. You were cold resistant. You had infravision. You were stealthy. You aggravated monsters. You were unlucky. You are dead. Miscellaneous: You never encountered a bones level. Total elapsed playing time was 21 minutes and 46 seconds. Major events: Turn 1: Dictyostelium the lawful dwarven Valkyrie entered the dungeon 310: entered the Gnomish Mines 400: attained the rank of Skirmisher (level 3) 1749: killed by a rothe Vanquished creatures: a little dog 2 dwarves 5 gnomes 3 gnome zombies 3 jackals 4 goblins 6 grid bugs 2 lichens a kobold zombie 6 newts 33 creatures vanquished. No species were genocided or became extinct. Voluntary challenges: You were illiterate. You never genocided any monsters. You never polymorphed an object. You never changed form. You never touched an artifact. You used no wishes. You never scared an enemy with impunity. You were celibate. You never generated conflict. Achievements: You entered a shop. You entered the Gnomish Mines. You attained the rank of Skirmisher. You entered a temple. Dungeon overview: The Dungeons of Doom: levels 1 to 2 Level 1: A fountain, a tree. Level 2: A potion shop, a fountain. Stairs down to The Gnomish Mines. The Gnomish Mines: levels 3 to 6 Level 3: Level 4: Level 5: Many shops, a temple to Tyr, some fountains. Level 6: <- You were here. Final resting place for you, killed by a rothe. Game over: __________ / \ / REST \ / IN \ / PEACE \ / \ | Dictyostelium | | 52 Au | | killed by a | | rothe | | | | | | 2024 | *| * * * | * _________)/\\_//(\/(/\)/\//\/|_)_______ Farvel Dictyostelium the Valkyrie... You died in The Gnomish Mines on dungeon level 6 with 621 points, and 52 pieces of gold, after 1749 moves. You were level 4 with a maximum of 45 hit points when you died.